 Dungeon Crawl Stone Soup version 0.22-a0-803-gd6d8abe (webtiles) character file.

849 sking99 the Insei (level 8, -8/54 HPs)
             Began as an Octopode Transmuter on July 22, 2018.
             Was a Follower of Wu Jian.
             Mangled by an orc warrior
             ... wielding a +0 halberd
              (17 damage)
             ... on level 6 of the Dungeon.
             The game lasted 00:09:11 (5023 turns).

sking99 the Insei (Octopode Transmuter)             Turns: 5023, Time: 00:09:12

Health: -8/54      AC:  1    Str:  9    XL:     8   Next: 1%
Magic:  2/11       EV: 14    Int: 16    God:    Wu Jian [*.....]
Gold:   289        SH:  0    Dex: 14    Spells: 6/11 levels left

rFire    . . .     SeeInvis .     - Unarmed
rCold    . . .     Gourm    .   (no shield)
rNeg     . . .     Faith    .   (helmet restricted)
rPois    .         Spirit   .   (no amulet)
rElec    .         Reflect  .   (no ring)
rCorr    .         Harm     .   (no ring)
MR       .....                  (no ring)
Stlth    ++........             (no ring)
HPRegen  0.18/turn              (no ring)
MPRegen  0.12/turn              (no ring)
                                (no ring)
                                (no ring)

@: very slightly contaminated
A: almost no armour, stealthy swim, amphibious, 8 rings, constrict 8, camouflage
1, gelatinous body 1
a: Renounce Religion


You were on level 6 of the Dungeon.
You worshipped Wu Jian.
Wu Jian was aware of your devotion.
You were hungry.

You visited 1 branch of the dungeon, and saw 6 of its levels.

You collected 289 gold pieces.

Inventory:

Missiles
 a - 52 arrows
Jewellery
 o - an uncursed ring of wizardry {unknown}
 q - an uncursed ring of protection from cold {unknown}
Scrolls
 e - a scroll of immolation
 f - a scroll of amnesia
 g - a scroll of identify
 p - a scroll of enchant weapon
Potions
 b - a potion of heal wounds {unknown}
 h - a potion of mutation {unknown}
 i - 3 potions of might
 k - 2 potions of brilliance
 l - 2 potions of agility
 r - 3 potions of curing
 s - a potion of flight
 u - a potion of lignification
 v - a potion of degeneration {unknown}
Comestibles
 c - 15 rations


   Skills:
 + Level 4.6 Fighting
 + Level 3.2 Dodging
 * Level 6.1 Unarmed Combat
 - Level 2.0 Spellcasting
 - Level 4.2 Transmutations
 - Level 2.0 Poison Magic


You had 6 spell levels left.
You knew the following spells:

 Your Spells              Type           Power        Failure   Level  Hunger
b - Sticks to Snakes      Tmut           ###.....     5%          2    ###....
c - Spider Form           Tmut/Pois      ##........   17%         3    ###....

Your spell library contained the following spells:

 Spells                   Type           Power        Failure   Level  Hunger
 Confuse                  Hex            #.......     52%         3    ###....
 Blade Hands              Tmut           ###.......   71%         5    ######.
 Ice Form                 Ice/Tmut       #.......     65%         4    #####..
 Confusing Touch          Hex            #.....       21%         1    #......
 Metabolic Englaciation   Hex/Ice        #.........   99%         5    ######.
 Petrify                  Tmut/Erth      #.......     65%         4    #####..
 Beastly Appendage        Tmut           ###...       3%          1    #......
 Gell's Gravitas          Tloc           #.........   52%         3    ###....
 Yara's Violent Unravell  Hex/Tmut       #.........   94%         5    ######.


Dungeon Overview and Level Annotations

Branches:
Dungeon (6/15)
 Temple: D:4-7

Altars:
Dithmenos
Elyvilon
Gozag
Nemelex Xobeh
Qazlal
Ru
Sif Muna
Trog
Wu Jian
Xom
Zin

Shops:
D:5 *![


Innate Abilities, Weirdness & Mutations

You cannot wear most types of armour.
You are very stealthy in the water. (Stealth+)
You are amphibious.
You can wear up to eight rings at the same time.
You can use your tentacles to constrict eight enemies at once.
Your skin changes colour to match your surroundings (Stealth+).
Your rubbery body absorbs attacks. (AC +1, EV +1)


Message History

The orc wizard completely misses you.
You spin and attack the orc wizard.
You hit the orc wizard.
The orc wizard looks as sick as possible!
The orc wizard is severely wounded.
The orc wizard completely misses you.
The orc priest calls upon Beogh to heal the orc wizard.
The orc wizard is healed somewhat.
The orc wizard looks encouraged for a moment.
The Council accepts your kill.
You feel a bit more experienced.
You hit the orc warrior but do no damage.
The orc warrior closely misses you.
You closely miss the orc warrior. The orc warrior completely misses you.
You closely miss the orc warrior.
Your transformation has ended.
The Council accepts your kill.
You have reached level 8!
You feel a bit more experienced.
The orc warrior hits you from afar with a halberd!
You die...

#.#..o
##.#..#
##......#
...... .##
..... ...#
#.#.##.$.##
#.#o.......
#.#oo......
#@#oo...%..
#.#.##...#(
#ooo.#...#
###..# ###
#..#
#######..#
.........#
.#######.#
#.#


You could see an orc warrior and an orc priest.

Vanquished Creatures
  A phantom (D:4)
  An ogre (D:4)
  3 howler monkeys
  2 crimson imps (D:5)
  A centaur zombie (D:5)
  A bullfrog skeleton (D:4)
  An iguana (D:4)
  5 orc wizards
  2 worker ants
  A hound skeleton (D:5)
  A worker ant zombie (D:5)
  Robin (D:4)
  8 adders
  An ooze (D:1)
  An adder skeleton (D:4)
  A worm (D:5)
  5 dart slugs
  A leopard gecko (D:1)
  10 orcs
  A ball python (D:2)
  5 bats
  7 giant cockroaches
  11 goblins
  16 hobgoblins
  2 jackals (D:2)
  7 kobolds
  A quokka (D:3)
  7 frilled lizards
  A leopard gecko zombie (D:5)
  6 rats
111 creatures vanquished.

Notes
Turn   | Place    | Note
-------+----------+-------------------------------------------
     0 | D:1      | sking99 the Octopode Transmuter began the quest for the Orb.
     0 | D:1      | Reached XP level 1. HP: 13/13 MP: 3/3
   124 | D:1      | Reached XP level 2. HP: 18/18 MP: 5/5
   382 | D:1      | Reached XP level 3. HP: 23/23 MP: 6/6
   386 | D:1      | Learned a level 2 spell: Sticks to Snakes
   390 | D:1      | Learned a level 3 spell: Spider Form
   852 | D:1      | You fall through a shaft!
   853 | D:2      | Found a shimmering altar of Xom.
  1104 | D:2      | Reached skill level 1 in Poison Magic
  1149 | D:2      | Found a glowing silver altar of Zin.
  1206 | D:2      | Reached XP level 4. HP: 25/29 MP: 7/7
  1385 | D:2      | Found a sparkling altar of Nemelex Xobeh.
  1581 | D:3      | Found an ornate altar of the Wu Jian Council.
  1831 | D:3      | Reached skill level 4 in Unarmed Combat
  2261 | D:3      | Reached XP level 5. HP: 29/35 MP: 4/8
  2267 | D:3      | Found a deep blue altar of Sif Muna.
  2268 | D:3      | Found a white marble altar of Elyvilon.
  2636 | D:3      | Became a worshipper of the Wu Jian Council
  2828 | D:4      | Reached XP level 6. HP: 34/42 MP: 5/9
  3071 | D:4      | Found a sacrificial altar of Ru.
  3301 | D:4      | Noticed Robin
  3308 | D:4      | Killed Robin
  3308 | D:4      | Reached skill level 5 in Unarmed Combat
  3318 | D:4      | Reached XP level 7. HP: 46/47 MP: 7/10
  3332 | D:4      | Reached * piety under Wu Jian
  3955 | D:5      | Entered Level 5 of the Dungeon
  4101 | D:5      | Found a faded altar of an unknown god.
  4101 | D:5      | Found a faded altar of an unknown god.
  4108 | D:5      | Found a shadowy altar of Dithmenos.
  4110 | D:5      | Found a stormy altar of Qazlal.
  4112 | D:5      | Found an opulent altar of Gozag.
  4285 | D:5      | Found Suan's Assorted Antiques.
  4390 | D:5      | Found a bloodstained altar of Trog.
  4417 | D:5      | Found Ziuheluq's Distillery.
  4426 | D:5      | Found Vuinuisi's Armour Shop.
  4572 | D:5      | Reached skill level 6 in Unarmed Combat
  5022 | D:6      | Reached XP level 8. HP: 9/54 MP: 2/11
  5023 | D:6      | Mangled by an orc warrior

Vault maps used:
D:1:      lightli_arrival_noodles
D:2:      overflow_temple_1_default, nicolae_overflow_hidden_temple,
          xom_teletrap_fun
D:3:      lemuel_doored_altar, gammafunk_temple_overflow_statue
D:4:      first_ration, hangedman_ru_absence, uniq_robin
D:5:      chequers_temple_overflow_minitemple, nicolae_overflow_crystal_walls,
          serial_shops, shop, nicolae_shop_stone, shop, wad_rectangle_vault

Skill      XL: |  1  2  3  4  5  6  7 |
---------------+----------------------+-----
Poison Magic   | 1 2 |  2.0
Fighting       | 2 3 4 |  4.6
Unarmed Combat | 4 5 6 |  6.1
Transmutations | 3 4 |  4.2
Dodging        | 3 |  3.2
Spellcasting   | |  2.0

Action                   |  1- 3 |  4- 6 |  7- 9 || total
-------------------------+-------+-------+-------++-------
Melee: Unarmed           |    90 |   101 |   130 ||   321
       Constrict         |    22 |    13 |    16 ||    51
       Tentacles         |     6 |     5 |    19 ||    30
       Kick              |    11 |     2 |       ||    13
       Punch             |     3 |       |     1 ||     4
 Cast: Beastly Appendage |    13 |     2 |       ||    15
       Spider Form       |       |    12 |     8 ||    20
Invok: Lunge             |       |     7 |    14 ||    21
       Whirlwind         |       |       |    12 ||    12
  Use: Scroll            |       |       |    16 ||    16
 Stab: Sleeping          |    10 |     3 |     2 ||    15
       Distracted        |       |       |     1 ||     1
  Eat: Chunk             |     1 |     8 |     7 ||    16
Armor: Skin              |    12 |     6 |     4 ||    22
Dodge: Dodged            |    67 |    57 |    64 ||   188

Table legend:
 A = Spawn XP
 B = Non-spawn XP
 C = Spawn XP percentage of total XP
 D = Spawn monster count
 E = Non-spawn monster count
 F = Spawn count percentage of total count
 G = Total turns spent on level
                    A         B        C        D         E        F      G
               +---------+---------+-------+---------+---------+-------+---------
         Total |       0 |    1214 |   0.0 |       0 |     111 |   0.0 |  5023
               +---------+---------+-------+---------+---------+-------+---------
           D:1 |       0 |      51 |   0.0 |       0 |      25 |   0.0 |   896
           D:2 |       0 |      36 |   0.0 |       0 |      20 |   0.0 |   613
           D:3 |       0 |     131 |   0.0 |       0 |      17 |   0.0 |  1139
           D:4 |       0 |     545 |   0.0 |       0 |      27 |   0.0 |  1307
           D:5 |       0 |     371 |   0.0 |       0 |      20 |   0.0 |  1013
           D:6 |       0 |      80 |   0.0 |       0 |       2 |   0.0 |    55
               +---------+---------+-------+---------+---------+-------+---------
